 Dungeon Crawl Stone Soup version 0.31-a0-1549-g5ff9445e89 (webtiles) character file.

Game seed: 6199285634108662765

279 olourkin the Caller (level 6, -3/32 HPs)
             Began as a Deep Elf Summoner on Jan 3, 2024.
             Was an Initiate of Hepliaklqana.
             Slain by an iguana (7 damage)
             ... on level 4 of the Dungeon.
             The game lasted 00:34:39 (5021 turns).

olourkin the Caller (Deep Elf Summoner)             Turns: 5021, Time: 00:34:40

Health: -3/32      AC:  4    Str:  5    XL:     6   Next: 5%
Magic:  9/12       EV: 11    Int: 22    God:    Hepliaklqana [......]
Gold:   101        SH:  0    Dex: 15    Spells: 5/11 levels left

rFire   . . .        d - +0 dagger
rCold   . . .        (no shield)
rNeg    . . .        e - +0 leather armour
rPois   .            (no helmet)
rElec   .            s - scarf {+Inv}
rCorr   .            (no gloves)
SInv    +            o - +0 pair of boots
Will    .....        (no amulet)
Stlth   +++          m - ring of see invisible
HPRegen 0.25/turn    (no ring)
MPRegen 0.13/turn

%: no passive effects
@: no status effects
A: no striking features
a: Renounce Religion, Evoke Invisibility


You were on level 4 of the Dungeon.
You worshipped Hepliaklqana.
Hepliaklqana was noncommittal.
You visited 2 branches of the dungeon, and saw 6 of its levels.

You collected 101 gold pieces.

Inventory:

Hand Weapons
 d - a +0 dagger (weapon)
 t - a +2 heavy hand axe
Missiles
 f - 27 stones
Armour
 a - a +0 robe
 e - a +0 leather armour (worn)
 o - a +0 pair of boots (worn)
 s - a scarf of invisibility (worn)
Jewellery
 m - a ring of see invisible (left hand)
Wands
 u - a wand of iceblast (4)
Scrolls
 g - a scroll of vulnerability {unknown}
 h - a scroll of identify {unknown}
 k - a scroll of silence {unknown}
 n - a scroll of fear {unknown}
 p - a scroll of noise {unknown}
 w - a scroll of revelation {unknown}
Potions
 b - 2 potions of magic
 c - 2 potions of enlightenment {unknown}
 i - a potion of curing {unknown}
 j - 4 potions of degeneration {unknown}
 l - a potion of cancellation {unknown}
 q - a potion of attraction {unknown}
 r - 3 potions of mutation {unknown}
 v - 2 potions of haste {unknown}


   Skills:
 - Level 2.5 Dodging
 + Level 4.8 Stealth
 - Level 3.0 Spellcasting
 * Level 6.7 Summonings
 + Level 2.2 Evocations


You had 5 spell levels left.
You knew the following spells:

 Your Spells              Type           Power      Damage    Failure   Level
a - Call Imp              Summ           64%        N/A       1%          2
y - Call Canine Familiar  Summ           32%        N/A       4%          3
z - Summon Small Mammal   Summ           100%       N/A       1%          1

Your spell library contained the following spells:

 Spells                   Type           Power      Damage    Failure   Level
 Summon Blazeheart Golem  Fire/Summ      18%        N/A       45%         4
 Summon Lightning Spire   Summ/Air       18%        N/A       45%         4
 Haunt                    Necr/Summ      9%         N/A       100%        7
 Borgnjor's Revivificati  Necr           1%         N/A       100%        8
 Death's Door             Necr           1%         N/A       100%        9


Dungeon Overview and Level Annotations

Branches:
Dungeon (5/15)             Temple (1/1) D:4

Altars:
Ashenzari
Elyvilon
Gozag
Hepliaklqana
Kikubaaqudgha
Makhleb
Nemelex Xobeh
Okawaru
Ru
Trog
Wu Jian
Yredelemnul
Zin
The Shining One

Annotations:
D:2 Sigmund


Message History

The adder barely misses your cerulean imp.
The adder bites your cerulean imp.
Your quokka barely misses the adder.
Your cerulean imp hits the adder with a -1 spear.
The adder completely misses your cerulean imp.
Your quokka misses the adder.
Your cerulean imp barely misses the adder.
The adder completely misses your cerulean imp.
Your quokka bites the adder but does no damage.
Your cerulean imp hits the adder with a -1 spear.
The adder dies!
You start resting.
Your quokka disappears in a puff of smoke!
Magic restored.
Your quokka disappears in a puff of smoke!
You start waiting.
Your cerulean imp disappears in a puff of smoke!
Done waiting.
Done exploring.
Done exploring.
Search for what [Enter for "altar", or ? for help]? .
There is a stone staircase leading down here.
You climb downwards.
The iguana bites you!
The hound barks!
There is a stone staircase leading up here.
The iguana bites you!
* * * LOW HITPOINT WARNING * * *
The hound bites you but does no damage.
You climb upwards.
There is a stone staircase leading down here.
Casting: Summon Small Mammal (safe; 1% risk of failure)
Confirm with . or Enter, or press ? or * to list all spells.
A tiny devil pulls itself out of the air.
The hound barely misses you. The iguana bites you!
* * * LOW HITPOINT WARNING * * *
The hound bites you but does no damage.
Okay, then.
Casting: Call Imp (safe; 1% risk of failure)
Confirm with . or Enter, or press ? or * to list all spells.
The iguana bites you!
You die...

...# ##⌠.⌠##.#### #..#
##. .#.#####.>.##....#
#..# #.
......##⌠.⌠##....# #..#
#. ##.######'###....#
#.)#########. ...#
###.###.#.##
#...5>S...... #### #.#
###.# #.########### #.#
#.# #.##########
#.#####r#####..........#
#......h@l5....#######.#
#############..# #.##
##.#######...
#...........
#########... #.### #.# #
#.### ##...


You could see an iguana (ally target), a hound (ally target), a friendly
cerulean imp (summoned) and a friendly quokka (summoned).

Vanquished Creatures
  A bat (D:3)
  An endoplasm (D:1)
  A frilled lizard (D:1)
3 creatures vanquished.

Vanquished Creatures (collateral kills)
  An orc priest (D:4)
  A sleepcap (D:4)
  2 iguanas
  2 orc wizards (D:4)
  5 adders
  A dart slug (D:2)
  9 orcs
  3 bats (D:2)
  3 endoplasms
  4 giant cockroaches
  6 goblins
  3 hobgoblins
  12 kobolds
  A quokka (D:3)
  3 ball pythons
  6 frilled lizards
  7 rats
69 creatures vanquished.

Grand Total: 72 creatures vanquished

Notes
Turn   | Place    | Note
-------+----------+-------------------------------------------
     0 | D:1      | olourkin the Deep Elf Summoner began the quest for the Orb.
     0 | D:1      | Reached XP level 1. HP: 10/10 MP: 6/6
   135 | D:1      | Reached XP level 2. HP: 15/15 MP: 8/8
   403 | D:1      | Learned a level 2 spell: Call Imp
   678 | D:1      | Reached skill level 5 in Summonings
   881 | D:2      | Noticed Sigmund
  1002 | D:2      | Reached XP level 3. HP: 19/19 MP: 4/9
  2521 | D:3      | Learned a level 3 spell: Call Canine Familiar
  2566 | D:3      | Reached XP level 4. HP: 24/24 MP: 3/10
  3577 | D:4      | Reached skill level 6 in Summonings
  3577 | D:4      | Reached skill level 1 in Evocations
  3665 | D:4      | Reached XP level 5. HP: 28/28 MP: 6/11
  3747 | D:4      | Found an iron altar of Okawaru.
  3772 | D:4      | Found a staircase to the Ecumenical Temple.
  4544 | Temple   | Entered the Ecumenical Temple
  4560 | Temple   | Became a worshipper of Hepliaklqana the Forgotten
  4592 | D:5      | Entered Level 5 of the Dungeon
  4748 | D:4      | Reached XP level 6. HP: 22/32 MP: 4/12
  5021 | D:4      | Slain by an iguana

Illustrated notes

Levels and vault maps discovered:
D:1:      orjb1_lava_funnel, layout_rooms
D:2:      layout_loops_ring, uniq_sigmund
D:3:      layout_basic, serial_aquarium, aquarium_bridge_straight
          [aquarium_subvault_bridge, aquarium_subvault_window,
          aquarium_subvault_bridge, aquarium_subvault_wall],
          aquarium_bridge_square [aquarium_subvault_window,
          aquarium_subvault_window, aquarium_subvault_window,
          aquarium_subvault_bridge], aquarium_window_fake,
          aquarium_window_corridor_2, aquarium_window_fake, aquarium_view_2g,
          aquarium_view_2d, aquarium_balcony_3a, aquarium_pool_corner
D:4:      layout_loops_ring, okawaru_gym_becter, temple_doors_ab
D:5:      layout_loops_ring, cheibrodos_worm_habitat, uniq_duvessa, uniq_ijyb,
          uniq_pikel, uniq_crazy_yiuf_cottage
Temple:   dshaligram_water_room_temple

Skill      XL: |  1  2  3  4  5 |
---------------+----------------+-----
Stealth        | 3 4 |  4.8
Summonings     | 5 6 |  6.7
Evocations     | 1 2 |  2.2
Dodging        | |  2.5
Spellcasting   | |  3.0

Action                     |  1- 3 |  4- 6 || total
---------------------------+-------+-------++-------
  Melee: Unarmed           |     7 |       ||     7
         Dagger            |    12 |     2 ||    14
   Cast: Summon Small Mamm |    36 |    44 ||    80
         Call Imp          |    25 |    29 ||    54
 Armour: Robe              |     3 |       ||     3
         Leather armour    |    24 |    18 ||    42
  Dodge: Dodged            |    23 |    14 ||    37

Table legend: (Time is in decaauts)
 A = Elapsed time spent in this place.
 B = Non-inter-level travel time spent in this place.
 C = Inter-level travel time spent in this place.
 D = Time resting spent in this place.
 E = Time spent auto-exploring this place.
 F = Levels seen in this place.
 G = Mean time per level.
                   A        B        C        D        E       F      G
               +--------+--------+--------+--------+--------+-----+--------+
         Total |   5025 |   4603 |    422 |   1006 |   2581 |   6 |  837.5 |
       Dungeon |   4992 |   4600 |    392 |   1006 |   2581 |   5 |  998.4 |
        Temple |     32 |      2 |     30 |      0 |      0 |   1 |   32.0 |
               +--------+--------+--------+--------+--------+-----+--------+

Top non-repeatable levels by time:
     D:4: 1457 daAuts
     D:3: 1429 daAuts
     D:2: 1046 daAuts
     D:1: 1041 daAuts
  Temple: 32 daAuts
     D:5: 18 daAuts
